 Dungeon Crawl Stone Soup version 0.21.0-22-g11d5b52 (webtiles) character file.

2538 Vojta the Covert (level 9, -1/49 HPs)
             Began as a Deep Elf Artificer on Jan 18, 2018.
             Was a Follower of Vehumet.
             Shot with a sling bullet by Joseph (16 damage)
             ... on level 8 of the Dungeon.
             The game lasted 00:39:00 (10173 turns).

Vojta the Covert (Deep Elf Artificer)              Turns: 10173, Time: 00:39:01

Health: -1/49      AC:  6    Str: 15    XL:     9   Next: 30%
Magic:  15/18      EV: 19    Int: 19    God:    Vehumet [*.....]
Gold:   402        SH:  0    Dex: 23    Spells: 14/17 levels left

rFire    . . .     SeeInvis .   b - +4 quarterstaff (chaos)
rCold    . . .     Gourm    +   (shield currently unavailable)
rNeg     . . .     Faith    .   s - +0 leather armour
rPois    .         Spirit   .   (no helmet)
rElec    .         Reflect  .   r - +0 cloak
rCorr    .         Harm     .   (no gloves)
MR       +....                  (no boots)
Stlth    +++++.....             B - amulet of the gourmand
HPRegen  0.16/turn              d - +4 ring of strength
MPRegen  0.16/turn              k - ring of protection from magic

@: agile, heavily drained
A: yellow scales 1, agile 1, strong 1, subdued magic 1
a: Renounce Religion


You were on level 8 of the Dungeon.
You worshipped Vehumet.
Vehumet was aware of your devotion.
You were not hungry.

You visited 2 branches of the dungeon, and saw 9 of its levels.

You collected 402 gold pieces.

Inventory:

Hand Weapons
 a - a +1 dagger of venom
 b - a +4 quarterstaff of chaos (weapon)
 c - a +0 blowgun
 t - a +0 flail of protection
 v - a +1 short sword
Missiles
 n - 221 stones
 u - 45 arrows
 x - 4 javelins (quivered)
 y - 8 poisoned needles
Armour
 r - a +0 cloak (worn)
 s - a +0 leather armour (worn)
Jewellery
 d - a +4 ring of strength (left hand)
 k - a ring of protection from magic (right hand)
 l - an uncursed ring of fire
 B - an amulet of the gourmand (around neck)
 D - an uncursed ring of resist corrosion {unknown}
Scrolls
 g - 4 scrolls of amnesia
 h - 6 scrolls of identify
 i - a scroll of magic mapping
 j - a scroll of enchant weapon
 p - 8 scrolls of teleportation
 q - 6 scrolls of remove curse
 E - a scroll of noise {unknown}
Potions
 o - a potion of brilliance
 z - a potion of flight
Books
 m - a book of Changes

   Spells                             Type                      Level
   a - Beastly Appendage              Transmutation                1
   b - Sticks to Snakes               Transmutation                2
   c - Spider Form                    Transmutation/Poison         3
   d - Ice Form                       Ice/Transmutation            4
   e - Blade Hands                    Transmutation                5
Comestibles
 f - 6 rations
 F - a chunk of flesh


   Skills:
 + Level 2.3(0.3) Fighting
 + Level 3.5(1.4) Short Blades
 * Level 4.8(2.6) Staves
 + Level 2.1(0.1) Throwing
 + Level 2.2(0.1) Armour
 * Level 5.9(3.7) Dodging
 * Level 8.6(6.2) Stealth
 * Level 4.8(2.6) Spellcasting
 + Level 2.9(0.8) Transmutations
 * Level 1.5(0.0) Earth Magic
   Level 4.1(1.9) Evocations


You had 14 spell levels left.
You knew the following spells:

 Your Spells              Type           Power        Failure   Level  Hunger
a - Sticks to Snakes      Tmut           #.......     17%         2    ##.....
b - Sandblast             Erth           #.....       16%         1    None


Dungeon Overview and Level Annotations

Branches:
Dungeon (8/15)             Temple (1/1) D:6
   Lair: D:8-11

Altars:
Ashenzari
Cheibriados
Dithmenos
Elyvilon
Fedhas
Hepliaklqana
Kikubaaqudgha
Makhleb
Okawaru
Qazlal
Ru
Sif Muna
Vehumet
Wu Jian
Yredelemnul
Zin

Shops:
D:5 *

Annotations:
D:4 Blork the orc
D:7 theElss's ghost, novice GrBe
D:8 Joseph


Innate Abilities, Weirdness & Mutations

You are partially covered in yellow scales. (AC +2)
You are agile. (Dex +2)
Your muscles are strong. (Str +2)
Your spells are a little easier to cast, but a little less powerful.


Message History

You hit Joseph. You freeze Joseph.
Joseph is moderately wounded.
Joseph hits you with an uncursed quarterstaff of draining!
You feel drained.
You hit Joseph. You freeze Joseph.
Joseph is moderately wounded.
Joseph hits you with an uncursed quarterstaff of draining.
You feel drained.
You barely miss Joseph.
Joseph is moderately wounded.
Joseph hits you with an uncursed quarterstaff of draining.
You feel drained.
You hit Joseph.
Joseph is heavily wounded.
Joseph barely misses you.
Unknown command.
Joseph unwields an uncursed quarterstaff of draining.
Joseph wields an uncursed hunting sling.
Joseph shoots a sling bullet.
The sling bullet hits you!
You die...

#.###.#.##..#.####.....#.#
#.#.........#...#........#
########.....#.#...#.#.#..#...###
.................................
.########..#.#.#.#[....>......###
#......#.#..).#..#.##...#
#.######.####.#..#.##.###
#...#....#.......#.##.###
###.#.####@#.#)....#....#
#...##.((#.#.#.###@...#
########@#......@...?.###
#.##.(#####.......
#...(.#..##.......
#####.#..##.......
####(#..####.....
#.......#....####
###.###..##.##.#


You could see Joseph.

Vanquished Creatures
  2 ice beasts
  An orc warrior (D:7)
  A necrophage (D:8)
  A phantom (D:5)
  A big kobold (D:7)
  6 bullfrogs
  A scorpion (D:7)
  A bullfrog zombie (D:7)
  3 crimson imps
  4 bullfrog skeletons
  3 jellies
  Crazy Yiuf (D:6)
  A gnoll shaman (D:6)
  3 orc priests
  2 hounds
  9 orc wizards
  A centaur skeleton (D:7)
  2 iguanas
  2 worker ants
  Natasha (thrice) (D:2 D:4)
  A hound zombie (D:7)
  A worker ant zombie (D:6)
  13 gnolls
  A howler monkey skeleton (D:5)
  7 adders
  A shadow imp (D:7)
  2 adder skeletons (D:5)
  2 worms
  3 dart slugs
  2 leopard geckos
  22 orcs
  2 ball pythons
  4 giant cockroaches
  11 goblins
  5 hobgoblins
  16 jackals
  9 kobolds
  8 quokkas
  6 bats (D:3)
  6 frilled lizards
  A leopard gecko skeleton (D:7)
  A leopard gecko zombie (D:6)
  9 rats
181 creatures vanquished.

Vanquished Creatures (collateral kills)
  Grinder (D:4)
  An ogre (D:7)
  A jelly (D:6)
  An orc priest (D:5)
  3 orc wizards (D:6)
  A gnoll (D:7)
  7 orcs
  A quokka (D:5)
16 creatures vanquished.

Vanquished Creatures (others)
  An orc warrior (D:6)
  A jelly (D:6)
  A worker ant (D:6)
  A quokka (D:3)
4 creatures vanquished.

Grand Total: 201 creatures vanquished

Notes
Turn   | Place    | Note
-------+----------+-------------------------------------------
     0 | D:1      | Vojta the Deep Elf Artificer began the quest for the Orb.
     0 | D:1      | Reached XP level 1. HP: 11/11 MP: 5/5
    97 | D:1      | Reached XP level 2. HP: 14/16 MP: 6/6
   885 | D:2      | Noticed Natasha
   889 | D:2      | Killed Natasha
   889 | D:2      | Reached skill level 1 in Fighting
   889 | D:2      | Reached skill level 2 in Stealth
   889 | D:2      | Reached XP level 3. HP: 12/20 MP: 7/7
   928 | D:2      | Noticed Natasha
   929 | D:2      | Killed Natasha
   929 | D:2      | Reached XP level 4. HP: 19/25 MP: 8/8
  1078 | D:2      | Found an iron altar of Okawaru.
  1454 | D:3      | Found a shattered altar of Ashenzari.
  1735 | D:3      | Reached skill level 1 in Spellcasting
  1975 | D:3      | Reached skill level 3 in Stealth
  1991 | D:3      | Reached XP level 5. HP: 26/29 MP: 9/9
  2438 | D:3      | Found a faded altar of an unknown god.
  2891 | D:3      | Reached skill level 4 in Stealth
  2956 | D:4      | Noticed a slave
  3466 | D:4      | Noticed Grinder
  3502 | D:4      | Noticed Blork the orc
  3508 | D:5      | Entered Level 5 of the Dungeon
  3653 | D:5      | Reached XP level 6. HP: 34/34 MP: 10/10
  3664 | D:5      | Reached skill level 5 in Stealth
  3708 | D:4      | Noticed Natasha
  3712 | D:4      | Killed Natasha
  3765 | D:4      | Killed Grinder
  3765 | D:4      | Reached skill level 6 in Stealth
  4008 | D:5      | Found Uchobb's General Store.
  4042 | D:5      | Reached skill level 7 in Stealth
  4042 | D:5      | Reached XP level 7. HP: 37/38 MP: 11/11
  4248 | D:5      | Learned a level 2 spell: Sticks to Snakes
  4634 | D:5      | Reached skill level 1 in Armour
  4719 | D:5      | Reached skill level 1 in Throwing
  5139 | D:6      | Reached skill level 1 in Transmutations
  5594 | D:6      | Found a hazy altar of Hepliaklqana.
  5637 | D:6      | Found a runed door.
  6377 | D:6      | Reached skill level 5 in Dodging
  6377 | D:6      | Reached XP level 8. HP: 43/43 MP: 14/14
  6734 | D:6      | Found a staircase to the Ecumenical Temple.
  6739 | Temple   | Entered the Ecumenical Temple
  6743 | Temple   | Became a worshipper of Vehumet
  7115 | D:6      | Noticed Crazy Yiuf
  7146 | D:6      | Killed Crazy Yiuf
  7411 | D:7      | Reached skill level 1 in Staves
  7898 | D:7      | Reached skill level 8 in Stealth
  8128 | D:7      | Found a hazy altar of Hepliaklqana.
  8635 | D:7      | Reached * piety under Vehumet
  8635 | D:7      | Offered knowledge of Sandblast by Vehumet.
  8698 | D:7      | Learned a level 1 spell: Sandblast
  9219 | D:7      | Noticed theElss's ghost (novice GrBe)
  9523 | D:7      | Reached XP level 9. HP: 48/48 MP: 11/16
  9607 | D:7      | Reached skill level 1 in Earth Magic
  9981 | D:8      | Noticed Joseph
 10151 | D:8      | Gained mutation: Your muscles are strong. (Str +2) [potion of mutation]
 10151 | D:8      | Gained mutation: You are partially covered in yellow scales. (AC +2) [potion of mutation]
 10151 | D:8      | Gained mutation: Your spells are a little easier to cast, but a little less powerful. [potion of mutation]
 10151 | D:8      | Gained mutation: You are agile. (Dex +2) [potion of mutation]
 10173 | D:8      | Shot with a sling bullet by Joseph

Skill      XL: |  1  2  3  4  5  6  7  8  9 |
---------------+----------------------------+-----
Dodging        | 3 5 |  5.9
Fighting       | 1 2 |  2.3
Stealth        | 2 3 4 7 8 |  8.6
Short Blades   | 2 3 |  3.5
Spellcasting   | 1 3 4 |  4.8
Evocations     | 4 |  4.1
Armour         | 1 2 |  2.2
Throwing       | 1 2 |  2.1
Transmutations | 1 2 |  2.9
Staves         | 4 |  4.8
Earth Magic    | 1 |  1.5

Action                   |  1- 3 |  4- 6 |  7- 9 || total
-------------------------+-------+-------+-------++-------
Melee: Short sword       |    68 |   186 |   203 ||   457
       Quarterstaff      |       |       |    83 ||    83
       Dagger            |       |       |    16 ||    16
 Fire: Blowgun           |       |       |    56 ||    56
Throw: Stone             |     1 |    37 |    83 ||   121
       Throwing net      |       |       |     3 ||     3
       Javelin           |       |       |     4 ||     4
 Cast: Sticks to Snakes  |       |       |    39 ||    39
       Sandblast         |       |       |    10 ||    10
Evoke: Wand              |     8 |    56 |    14 ||    78
  Use: Scroll            |       |     9 |     4 ||    13
       Potion            |       |     1 |    16 ||    17
 Stab: Sleeping          |     2 |     5 |    23 ||    30
       Distracted        |       |     2 |     1 ||     3
       Paralysed         |       |     5 |     1 ||     6
       Confused          |       |     1 |       ||     1
  Eat: Chunk             |       |    10 |    10 ||    20
       Ration            |       |       |     4 ||     4
Armor: Leather armour    |    12 |    41 |    34 ||    87
       Skin              |       |       |    28 ||    28
Dodge: Dodged            |    43 |   146 |   214 ||   403
